 Dungeon Crawl Stone Soup version 0.31.0-7-gf635a9b802 (webtiles) character file.

Game seed: 6191087313251317584

36 Crownlay the Trooper (level 3, -3/31 HPs)
             Began as a Djinni Monk on Jan 23, 2024.
             Slain by Terence
             ... wielding a +0 flail
              (6 damage)
             ... on level 2 of the Dungeon.
             The game lasted 00:01:15 (1189 turns).

Crownlay the Trooper (Djinni Monk)                  Turns: 1189, Time: 00:01:15

Health: -3/31      AC:  2    Str: 16    XL:     3   Next: 57%
Gold:   61         EV: 13    Int: 13    God:
                   SH:  0    Dex: 15

rFire   + + .        a - +0 short sword
rCold   x . .        d - orb {light}
rNeg    . . .        b - +0 robe
rPois   ∞            (no helmet)
rElec   .            (no cloak)
rCorr   .            (no gloves)
SInv    .            (boots unavailable)
Will    .....        (no amulet)
Stlth   +            h - +6 ring of strength
HPRegen 0.25/turn    (no ring)
MPRegen 0.00/turn

%: infuse magic (-4 HP)
@: flying, glowing
A: sickness immunity, fire resistance 2, cold vulnerability 1, float, innate
caster, HP casting, extra vitality 1
a: no special abilities


You were on level 2 of the Dungeon.
You visited 1 branch of the dungeon, and saw 2 of its levels.

You collected 61 gold pieces.

Inventory:

Hand Weapons
 a - a +0 short sword (weapon)
Missiles
 l - a javelin (quivered)
Armour
 b - a +0 robe (worn)
 d - an orb of light (worn)
Jewellery
 h - a +6 ring of strength (left hand)
Scrolls
 e - a scroll of identify {unknown}
 f - a scroll of immolation {unknown}
 g - a scroll of vulnerability {unknown}
 i - a scroll of teleportation {unknown}
Potions
 c - 2 potions of ambrosia
 j - 3 potions of brilliance {unknown}
 k - a potion of might {unknown}
 m - a potion of cancellation {unknown}
 n - a potion of enlightenment {unknown}


   Skills:
 * Level 3.9 Fighting
 - Level 2.6 Short Blades
 - Level 3.2 Dodging
 + Level 1.1 Spellcasting
 + Level 1.1 Conjurations
 + Level 1.1 Hexes
   Level 0.0 Charms
 + Level 1.1 Summonings
 + Level 1.1 Necromancy
 + Level 1.1 Translocations
   Level 0.0 Transmutations
 + Level 1.1 Fire Magic
 + Level 1.1 Ice Magic
 + Level 1.1 Air Magic
 + Level 1.1 Earth Magic
 + Level 1.1 Alchemy


You knew the following spells:

 Your Spells              Type           Power      Damage    Failure   Level
a - Sting                 Conj/Alch      12%        1d3       19%         1
Your spell library was empty.

Dungeon Overview and Level Annotations

Branches:
Dungeon (2/15)

Altars:
Yredelemnul

Annotations:
D:2 Terence


Innate Abilities, Weirdness & Mutations

You are immune to sickness and miasma.
You are immune to poison.
Your flesh is very heat resistant. (rF++)
You are vulnerable to cold. (rC-)
You float through the air rather than walking.
You learn spells naturally, not from books.
Your magical power is your life essence.
You have superior vitality. (+4 MHP)


Message History

Terence closely misses you.
You hit Terence.
Terence is severely wounded.
Terence bares his teeth.
Terence barely misses you.
You hit Terence but do no damage.
Terence is severely wounded.
You hit Terence.
Terence is severely wounded.
Terence hits you with a +0 flail.
You completely miss Terence.
Terence is severely wounded.
Terence hits you with a +0 flail!
* * * LOW HITPOINT WARNING * * *
You are too injured to fight recklessly!
You are too injured to fight recklessly!
Casting: Sting (safe; 19% risk of failure)
Confirm with . or Enter, or press ? or * to list all spells.
Aiming: Sting (safe; 19% risk of failure)
Press: ? - help, Shift-Dir - straight line, f/p - Terence
Aim: Terence, wielding a +0 flail and wearing a +0 chain mail (severely wounded, haloed, 84% to hit)
The sting hits Terence but does no damage.
Terence is poisoned.
Terence is severely wounded.
* * * LOW HITPOINT WARNING * * *
Terence closely misses you.
Casting: Sting (safe; 19% risk of failure)
Confirm with . or Enter, or press ? or * to list all spells.
Aiming: Sting (safe; 19% risk of failure)
Press: ? - help, Shift-Dir - straight line, f/p - Terence
Aim: Terence, wielding a +0 flail and wearing a +0 chain mail (severely wounded, poisoned, haloed, 84% to hit)
The sting hits Terence but does no damage.
Terence looks even sicker.
Terence is severely wounded.
* * * LOW HITPOINT WARNING * * *
Terence hits you with a +0 flail.
* * * LOW HITPOINT WARNING * * *
Terence attacks as he pursues you! Terence hits you with a +0 flail.
You die...
Terence says, "Rest in peace."

....#######. ~...........
~###.####### ...........# ####
##.##.####.# ..# ...#.......# #.#
♣♣ ♣...##### #.###.###.#...
~~PP♣......# #.#.@........(
~~~~~##.##.# #.#@#.###.....
~~~P~##.##.#.#.#.#.# ...
~~~~~♣.....#.#.#.#.###.# #
~~P~~~♣.#..#.#.#....##.#
♣~~~~.♣.#..#.#.#....##.##
~...~......#.#..........
...........#.###.#.###.##
.~...P~~♣..#.......###..#########
~~~~~~♣♣P#.#......##.............


You could see Terence (very poisoned).

Vanquished Creatures
  A ribbon worm (D:2)
  2 bats (D:2)
  3 endoplasms (D:2)
  2 giant cockroaches
  4 goblins
  4 hobgoblins
  2 kobolds (D:2)
  8 ball pythons
  A frilled lizard (D:2)
  5 rats
32 creatures vanquished.

Notes
Turn   | Place    | Note
-------+----------+-------------------------------------------
     0 | D:1      | Crownlay the Djinni Monk began the quest for the Orb.
     0 | D:1      | Reached XP level 1. HP: 20/20 MP: 0/0
   195 | D:1      | Reached XP level 2. HP: 25/25 MP: 0/0
   584 | D:2      | Reached XP level 3. HP: 21/30 MP: 0/0
   584 | D:2      | Learned a level 1 spell: Sting
   725 | D:2      | Reached skill level 1 in Spellcasting
   725 | D:2      | Reached skill level 1 in Conjurations
   725 | D:2      | Reached skill level 1 in Hexes
   725 | D:2      | Reached skill level 1 in Summonings
   725 | D:2      | Reached skill level 1 in Necromancy
   725 | D:2      | Reached skill level 1 in Translocations
   725 | D:2      | Reached skill level 1 in Fire Magic
   725 | D:2      | Reached skill level 1 in Ice Magic
   725 | D:2      | Reached skill level 1 in Air Magic
   725 | D:2      | Reached skill level 1 in Earth Magic
   725 | D:2      | Reached skill level 1 in Alchemy
   894 | D:2      | Found a basalt altar of Yredelemnul.
  1001 | D:2      | Found a faded altar of an unknown god.
  1171 | D:2      | Noticed Terence
  1189 | D:2      | Slain by Terence

Illustrated notes

Levels and vault maps discovered:
D:1:      co_arrival_square_in_a_square_in_a_square, layout_basic
D:2:      layout_basic, basic_altar, serial_bayou, serial_bayou_ford_a,
          serial_bayou_shore_b, serial_bayou_pond_d, serial_bayou_pond_c,
          serial_bayou_lagoon_a, nicolae_ecumenical_snake_handling,
          minmay_diced_spiral, uniq_robin, uniq_terence

Skill      XL: |  1  2  3 |
---------------+----------+-----
Spellcasting   | 1 |  1.1
Conjurations   | 1 |  1.1
Hexes          | 1 |  1.1
Summonings     | 1 |  1.1
Necromancy     | 1 |  1.1
Translocations | 1 |  1.1
Fire Magic     | 1 |  1.1
Ice Magic      | 1 |  1.1
Air Magic      | 1 |  1.1
Earth Magic    | 1 |  1.1
Alchemy        | 1 |  1.1
Fighting       | |  3.9
Short Blades   | |  2.6
Dodging        | |  3.2

Action                     || total
---------------------------++-------
  Melee: Short sword       ||   109
  Throw: Javelin           ||     2
   Cast: Sting             ||     2
 Armour: Robe              ||    51
  Dodge: Dodged            ||    64
